TOP OF THE 1ST |
Calgary Lynx batting - Pitching for Pawnee ParksNRec : RHP Jim Unknown
|
Pitching: RHP Jim Unknown
|
|
Batting: RHB Darren Tomlinson
|
0-0: Ball 1-0: Called Strike 1-1: Fly out, F4 (Line Drive, 4M)
|
Batting: SHB Tom Craft
|
0-0: Called Strike 0-1: Swinging Strike 0-2: Strikes out looking
|
Batting: RHB Edmund Gallagher
|
0-0: Ball 1-0: Called Strike 1-1: Swinging Strike 1-2: Ball 2-2: Ball 3-2: Ground out 4-3 (Groundball, 4)
|
Top of the 1st over - 0 run(s), 0 hit(s), 0 error(s), 0 left on base; Calgary 0 - Pawnee 0 |
BOTTOM OF THE 1ST |
Pawnee ParksNRec batting - Pitching for Calgary Lynx : RHP Henry Hart
|
Pitching: RHP Henry Hart
|
|
Batting: RHB Jim Unknown
|
0-0: Ball 1-0: Ball 2-0: Called Strike 2-1: SINGLE (Line Drive, 7LS)
|
Batting: RHB Jim Unknown
|
0-0: Foul Ball, location: 2F 0-1: Ball 1-1: Swinging Strike 1-2: Foul Ball, location: 2F 1-2: Strikes out swinging
|
Batting: RHB Jim Unknown
|
0-0: Ball 1-0: Ball 2-0: Grounds into double play, 5-4-3 (Groundball, 56)
|
Bottom of the 1st over - 0 run(s), 1 hit(s), 0 error(s), 0 left on base; Calgary 0 - Pawnee 0 |
TOP OF THE 2ND |
Calgary Lynx batting - Pitching for Pawnee ParksNRec : RHP Jim Unknown
|
Batting: LHB Timmy Appeldoorn
|
0-0: Ball 1-0: Ball 2-0: DOUBLE (Line Drive, 89XD)
|
Batting: RHB Pancho Salaedo
|
0-0: Called Strike 0-1: Ball 1-1: Ball 2-1: Fly out, F7 (Line Drive, 7LM)
|
Batting: RHB Jim Browning
|
0-0: Ground out 6-3 (Groundball, 6)
|
Batting: RHB Pepe Medina
|
0-0: Called Strike 0-1: Ball 1-1: Ball 2-1: Foul Ball, location: 2F 2-2: Strikes out swinging
|
Top of the 2nd over - 0 run(s), 1 hit(s), 0 error(s), 1 left on base; Calgary 0 - Pawnee 0 |
BOTTOM OF THE 2ND |
Pawnee ParksNRec batting - Pitching for Calgary Lynx : RHP Henry Hart
|
Batting: LHB Jim Unknown
|
0-0: Foul Ball, location: 2F 0-1: Foul Ball, location: 2F 0-2: Ball 1-2: Foul Ball, location: 2F 1-2: Ground out 5-3 (Groundball, 56)
|
Batting: LHB Jim Unknown
|
0-0: Ball 1-0: Fly out, F7 (Flyball, 7LM)
|
Batting: RHB Eldon McGillivour
|
0-0: Ball 1-0: Ball 2-0: Foul Ball, location: 2F 2-1: Foul Ball, location: 2F 2-2: SINGLE (Groundball, 34)
|
Batting: LHB Jim Unknown
|
0-0: Ground out 4-3 (Groundball, 4)
|
Bottom of the 2nd over - 0 run(s), 1 hit(s), 0 error(s), 1 left on base; Calgary 0 - Pawnee 0 |
TOP OF THE 3RD |
Calgary Lynx batting - Pitching for Pawnee ParksNRec : RHP Jim Unknown
|
Batting: RHB Wilbur James
|
0-0: Ball 1-0: Ball 2-0: Fly out, F6 (Popup, 5D)
|
Batting: RHB Luis Fierro
|
0-0: Ball 1-0: Fly out, F8 (Flyball, 8RM)
|
Batting: RHB Darren Tomlinson
|
0-0: Called Strike 0-1: Ball 1-1: Ball 2-1: Ball 3-1: Foul Ball, location: 2F 3-2: Foul Ball, location: 2F 3-2: Base on Balls
|
Batting: SHB Tom Craft
|
0-0: Ball 1-0: Ball 2-0: Called Strike 2-1: Ground out 5-3 (Groundball, 56S)
|
Top of the 3rd over - 0 run(s), 0 hit(s), 0 error(s), 1 left on base; Calgary 0 - Pawnee 0 |
BOTTOM OF THE 3RD |
Pawnee ParksNRec batting - Pitching for Calgary Lynx : RHP Henry Hart
|
Batting: SHB Jim Unknown
|
0-0: Ball 1-0: Fly out, F8 (Flyball, 8RS)
|
Batting: RHB Jim Unknown
|
0-0: Ball 1-0: Called Strike 1-1: Called Strike 1-2: Ball 2-2: Fly out, F8 (Flyball, 8RM)
|
Batting: RHB Jim Unknown
|
0-0: Ground out 1-3 (Groundball, 15)
|
Bottom of the 3rd over - 0 run(s), 0 hit(s), 0 error(s), 0 left on base; Calgary 0 - Pawnee 0 |
TOP OF THE 4TH |
Calgary Lynx batting - Pitching for Pawnee ParksNRec : RHP Jim Unknown
|
Batting: RHB Edmund Gallagher
|
0-0: Ball 1-0: Ball 2-0: Called Strike 2-1: Fly out, F3 (Popup, 34)
|
Batting: LHB Timmy Appeldoorn
|
0-0: Ball 1-0: Called Strike 1-1: Ball 2-1: SINGLE (Flyball, 8LS)
|
Batting: RHB Pancho Salaedo
|
0-0: Fly out, F9 (Flyball, 89M)
|
Batting: RHB Jim Browning
|
0-0: Ball 1-0: Called Strike 1-1: Ball 2-1: Ground out 5-3 (Groundball, 5)
|
Top of the 4th over - 0 run(s), 1 hit(s), 0 error(s), 1 left on base; Calgary 0 - Pawnee 0 |
BOTTOM OF THE 4TH |
Pawnee ParksNRec batting - Pitching for Calgary Lynx : RHP Henry Hart
|
Batting: RHB Jim Unknown
|
0-0: Ball 1-0: Called Strike 1-1: Ground out 4-3 (Groundball, 4M)
|
Batting: RHB Jim Unknown
|
0-0: Ball 1-0: Ball 2-0: Ground out 6-3 (Groundball, 6)
|
Batting: LHB Jim Unknown
|
0-0: Called Strike 0-1: Ball 1-1: Swinging Strike 1-2: Strikes out swinging
|
Bottom of the 4th over - 0 run(s), 0 hit(s), 0 error(s), 0 left on base; Calgary 0 - Pawnee 0 |
TOP OF THE 5TH |
Calgary Lynx batting - Pitching for Pawnee ParksNRec : RHP Jim Unknown
|
Batting: RHB Pepe Medina
|
0-0: DOUBLE (Groundball, 5L)
|
Batting: RHB Wilbur James
|
0-0: Foul Ball, location: 2F 0-1: Ball 1-1: Ball 2-1: Ball 3-1: Foul Ball, location: 2F 3-2: SINGLE (Groundball, 56) Pepe Medina to third Runner from 3rd tries for Home, SAFE, throw made home
|
Batting: RHB Luis Fierro
|
0-0: Ball 1-0: Sac Bunt - play at second, runner OUT! 5-6
|
Batting: RHB Darren Tomlinson
|
0-0: Called Strike 0-1: TRIPLE (Line Drive, 3L) Luis Fierro scores
|
Batting: SHB Tom Craft
|
0-0: Ball 1-0: Ball Passed Ball! Darren Tomlinson scores 2-0: Foul Ball, location: 2F 2-1: Foul Ball, location: 2F 2-2: Strikes out swinging
|
Batting: RHB Edmund Gallagher
|
0-0: Foul Ball, location: 2F 0-1: Foul Ball, location: 2F 0-2: Fly out, F4 (Popup, 34D)
|
Top of the 5th over - 3 run(s), 3 hit(s), 0 error(s), 0 left on base; Calgary 3 - Pawnee 0 |
BOTTOM OF THE 5TH |
Pawnee ParksNRec batting - Pitching for Calgary Lynx : RHP Henry Hart
|
Batting: LHB Jim Unknown
|
0-0: Ball 1-0: Called Strike 1-1: Fly out, F6 (Popup, 56D)
|
Batting: RHB Eldon McGillivour
|
0-0: Called Strike 0-1: Ball 1-1: Ball 2-1: Foul Ball, location: 2F 2-2: Ball 3-2: Ground out 1-3 (Groundball, 15S)
|
Batting: LHB Jim Unknown
|
0-0: Ball 1-0: Ground out 5-3 (Groundball, 5S)
|
Bottom of the 5th over - 0 run(s), 0 hit(s), 0 error(s), 0 left on base; Calgary 3 - Pawnee 0 |
TOP OF THE 6TH |
Calgary Lynx batting - Pitching for Pawnee ParksNRec : RHP Jim Unknown
|
Batting: LHB Timmy Appeldoorn
|
0-0: Ball 1-0: Foul Ball, location: 2F 1-1: Called Strike 1-2: Strikes out swinging
|
Batting: RHB Pancho Salaedo
|
0-0: Ball 1-0: Ball 2-0: Called Strike 2-1: Swinging Strike 2-2: Fly out, F7 (Flyball, 78M)
|
Batting: RHB Jim Browning
|
0-0: Ball 1-0: Ball 2-0: Ball 3-0: Base on Balls
|
Batting: RHB Pepe Medina
|
0-0: Called Strike 0-1: Ball 1-1: Ball 2-1: SINGLE (Flyball, 8RS) Jim Browning to second
|
Batting: RHB Wilbur James
|
0-0: Called Strike 0-1: Ball 1-1: Ball 2-1: Ground out U3 (Groundball, 3)
|
Top of the 6th over - 0 run(s), 1 hit(s), 0 error(s), 2 left on base; Calgary 3 - Pawnee 0 |
BOTTOM OF THE 6TH |
Pawnee ParksNRec batting - Pitching for Calgary Lynx : RHP Henry Hart
|
Batting: SHB Jim Unknown
|
0-0: Foul Ball, location: 2F 0-1: Ball 1-1: Ball 2-1: Ball 3-1: Fly out, F7 (Flyball, 7LM)
|
Batting: RHB Jim Unknown
|
0-0: Ball 1-0: SINGLE (Line Drive, 7S)
|
Batting: RHB Jim Unknown
|
0-0: Called Strike 0-1: Ball 1-1: Ball 2-1: Called Strike 2-2: Strikes out swinging
|
Batting: RHB Jim Unknown
|
0-0: SINGLE (Line Drive, 89S) Jim Unknown to second
|
Batting: RHB Jim Unknown
|
0-0: Ground out 4-3 (Groundball, 4)
|
Bottom of the 6th over - 0 run(s), 2 hit(s), 0 error(s), 2 left on base; Calgary 3 - Pawnee 0 |
TOP OF THE 7TH |
Calgary Lynx batting - Pitching for Pawnee ParksNRec : RHP Jim Unknown
|
Batting: RHB Luis Fierro
|
0-0: Ball 1-0: Ball 2-0: Called Strike 2-1: Called Strike 2-2: Ball 3-2: Foul Ball, location: 2F 3-2: Fly out, F7 (Flyball, 78D)
|
Batting: RHB Darren Tomlinson
|
0-0: Ball 1-0: Ball 2-0: Ball 3-0: Called Strike 3-1: Called Strike 3-2: Base on Balls
|
Batting: SHB Tom Craft
|
0-0: Ball 1-0: Called Strike Darren Tomlinson steals 2nd base 1-1: Called Strike Darren Tomlinson steals 3rd base 1-2: Ball 2-2: SINGLE (Groundball, 34D) Darren Tomlinson scores
|
Batting: RHB Edmund Gallagher
|
0-0: Called Strike Tom Craft is caught stealing 2nd base 0-1: Ball 1-1: Fly out, F8 (Flyball, 89M)
|
Top of the 7th over - 1 run(s), 1 hit(s), 0 error(s), 0 left on base; Calgary 4 - Pawnee 0 |
BOTTOM OF THE 7TH |
Pawnee ParksNRec batting - Pitching for Calgary Lynx : RHP Henry Hart
|
Batting: LHB Jim Unknown
|
0-0: Ball 1-0: Foul Ball, location: 2F 1-1: Foul Ball, location: 2F 1-2: Strikes out swinging
|
Batting: LHB Jim Unknown
|
0-0: Ball 1-0: Ball 2-0: SINGLE (Line Drive, 34)
|
Batting: RHB Eldon McGillivour
|
0-0: Fly out, F7 (Flyball, 7M)
|
Batting: LHB Jim Unknown
|
0-0: Called Strike 0-1: SINGLE (Line Drive, 34) Jim Unknown to second
|
Batting: SHB Jim Unknown
|
0-0: Ball 1-0: Ground out 3-1 (Groundball, 34)
|
Bottom of the 7th over - 0 run(s), 2 hit(s), 0 error(s), 2 left on base; Calgary 4 - Pawnee 0 |
TOP OF THE 8TH |
Calgary Lynx batting - Pitching for Pawnee ParksNRec : RHP Jim Unknown
|
Batting: LHB Timmy Appeldoorn
|
0-0: Called Strike 0-1: Ground out 4-3 (Groundball, 4M)
|
Batting: RHB Pancho Salaedo
|
0-0: Ball 1-0: Called Strike 1-1: Ball 2-1: Ball 3-1: Called Strike 3-2: Base on Balls
|
Batting: RHB Jim Browning
|
0-0: Ball 1-0: Foul Ball, location: 2F 1-1: Fly out, F8 (Line Drive, 8LD)
|
Batting: RHB Pepe Medina
|
0-0: Ground out 5-3 (Groundball, 5S)
|
Top of the 8th over - 0 run(s), 0 hit(s), 0 error(s), 1 left on base; Calgary 4 - Pawnee 0 |
BOTTOM OF THE 8TH |
Pawnee ParksNRec batting - Pitching for Calgary Lynx : RHP Henry Hart
|
Batting: RHB Jim Unknown
|
0-0: Called Strike 0-1: Ball 1-1: DOUBLE (Groundball, 5L)
|
Batting: RHB Jim Unknown
|
0-0: Called Strike 0-1: Ball 1-1: Ball 2-1: Ground out 5-3 (Groundball, 56)
|
Batting: RHB Jim Unknown
|
0-0: Ball 1-0: Ball 2-0: Called Strike 2-1: Ball 3-1: Swinging Strike 3-2: Base on Balls
|
Batting: RHB Jim Unknown
|
0-0: Called Strike 0-1: Ball 1-1: Ball 2-1: Swinging Strike 2-2: Ball 3-2: Foul Ball, location: 2F 3-2: SINGLE (Groundball, 56D) Jim Unknown to third Jim Unknown to second Runner from 3rd tries for Home, SAFE, throw made home Jim Unknown to third Jim Unknown to second
|
Pitching: RHP Millard Kessler
|
|
Batting: LHB Jim Unknown
|
0-0: Ball 1-0: Foul Ball, location: 2F 1-1: Called Strike 1-2: Strikes out swinging
|
Pitching: LHP Spike Wells
|
|
Batting: LHB Jim Unknown
|
0-0: Ball 1-0: Called Strike 1-1: Ball 2-1: Called Strike 2-2: SINGLE (Line Drive, 89S) Jim Unknown scores Jim Unknown to third
|
Pitching: RHP Joel Harris
|
|
Batting: RHB Eldon McGillivour
|
0-0: Ball 1-0: DOUBLE (Flyball, 89XD) Jim Unknown scores Jim Unknown to third Runner from 3rd tries for Home, SAFE, no throw or cutoff
|
Batting: LHB Jim Unknown
|
0-0: Foul Ball, location: 2F 0-1: DOUBLE (Flyball, 89M) Eldon McGillivour scores
|
Pinch Hitting: RHB Jim Unknown
|
0-0: Swinging Strike Passed Ball! Jim Unknown to third 0-1: Ball 1-1: Swinging Strike 1-2: Ground out 4-3 (Groundball, 4S)
|
Bottom of the 8th over - 5 run(s), 5 hit(s), 0 error(s), 1 left on base; Calgary 4 - Pawnee 5 |
TOP OF THE 9TH |
Calgary Lynx batting - Pitching for Pawnee ParksNRec : RHP Jim Unknown
|
Now in RF: Jim Unknown
|
|
Pinch Hitting: SHB Vasco Paradela
|
0-0: Ball 1-0: Foul Ball, location: 2F 1-1: Ball 2-1: Ball 3-1: Foul Ball, location: 2F 3-2: Base on Balls
|
Pitching: RHP Jim Unknown
|
|
Batting: RHB Luis Fierro
|
0-0: Bunted foul 0-1: Bunted foul 0-2: Ball 1-2: Strikes out looking
|
Batting: RHB Darren Tomlinson
|
0-0: Ball 1-0: Ball 2-0: Called Strike 2-1: Foul Ball, location: 2F 2-2: Foul Ball, location: 2F 2-2: Ball 3-2: Foul Ball, location: 2F 3-2: Foul Ball, location: 2F 3-2: SINGLE (Line Drive, 9LS) Vasco Paradela to second
|
Batting: SHB Tom Craft
|
0-0: Fielders Choice at 2nd, 6-4 (Groundball, 6M) Vasco Paradela to third
|
Batting: RHB Edmund Gallagher
|
0-0: Ground out 5-3 (Groundball, 5L)
|
Top of the 9th over - 0 run(s), 1 hit(s), 0 error(s), 2 left on base; Calgary 4 - Pawnee 5 |
|